 Dungeon Crawl Stone Soup version 0.18.1-50-g88ac8fd (webtiles) character file.

219 tyranidshit the Skirmisher (level 5, 0/55 HPs)
             Began as a Deep Dwarf Fighter on Sept 22, 2016.
             Killed by divine providence
             ... invoked by an orc priest
              (13 damage)
             ... on level 4 of the Dungeon.
             The game lasted 00:04:55 (1988 turns).

tyranidshit the Skirmisher (Deep Dwarf Fighter)     Turns: 1988, Time: 00:04:57

Health: 0/55       AC:  9    Str: 21    XL:     5   Next: 63%
Magic:  5/5        EV:  6    Int: 13    God:
Gold:   218        SH: 16    Dex: 12    Spells: 0 memorised, 4 levels left

rFire  + . .     SeeInvis +     a - +1 war axe
rCold  . . .     Gourm    .     p - +3 ring mail {rF+}
rNeg   . . .     Faith    .     u - +2 large shield
rPois  .         Spirit   .     (no helmet)
rElec  .         Dismiss  .     (no cloak)
rCorr  .         Reflect  .     (no gloves)
SustAt .         Harm     .     q - +0 pair of boots
MR     .....                    (no amulet)
Stlth  +.........               r - ring of see invisible
                                g - +5 ring of intelligence

@: non-regenerating, not resistant to hostile enchantments, very unstealthy
A: damage resistance, recharge devices, sense surroundings 1, slow regeneration
3
a: Device Recharging


You were on level 4 of the Dungeon.
You were not hungry.

You visited 1 branch of the dungeon, and saw 4 of its levels.

You collected 218 gold pieces.

Inventory:

Hand Weapons
 a - a +1 war axe (weapon)
Armour
 b - a +1 scale mail
 c - a +0 shield
 p - a +3 ring mail of fire resistance (worn)
 q - a +0 pair of boots (worn)
 u - a +2 large shield (worn)
Jewellery
 g - a +5 ring of intelligence (left hand)
 o - an uncursed ring of ice
 r - a ring of see invisible (right hand)
Wands
 e - a wand of heal wounds (4/9)
 t - a wand of flame (9/48)
Scrolls
 i - 4 scrolls of remove curse
 j - 5 scrolls of identify
 k - a scroll of enchant armour
 s - a scroll of blinking {unknown}
Potions
 d - 2 potions of might
 h - a potion of berserk rage
 l - a potion of curing
Comestibles
 f - 2 bread rations
 m - a royal jelly
 n - 2 meat rations


   Skills:
 + Level 5.8 Fighting
 - Level 2.1 Axes
 - Level 3.2 Armour
 - Level 3.2 Shields


You had 4 spell levels left.
You didn't know any spells.

Dungeon Overview and Level Annotations

Branches:
Dungeon (4/15)
 Temple: D:4-7

Altars:
Gozag
Vehumet
The Shining One


Innate Abilities, Weirdness & Mutations

You are resistant to damage.
You can recharge devices by infusing magical energy.
You passively map a small area around you.
You do not regenerate naturally.


Message History

You hit the orc wizard.
The orc wizard is heavily wounded.
You barely miss the orc wizard.
The orc wizard is lightly wounded.
You block the orc wizard's attack.
The orc priest casts a cantrip, but nothing happens.
The orc wizard gestures at you while chanting.
You block the puff of flame. The orc wizard hits you with a dagger.
The orc priest mumbles some strange prayers to Beogh against you.
Beogh smites you!
* * * LOW HITPOINT WARNING * * *
The orc wizard casts a spell at you. The puff of flame hits you! You resist.
You slash the orc wizard!
You kill the orc wizard!
Your shield prevents you from hitting the orc wizard.
The orc wizard is lightly wounded.
The orc priest mumbles some strange prayers to Beogh against you.
Beogh smites you!
You die...

##...## #.#
##'## #.#
#.# ######
#.# ##
**#.##......
..# * ..
##.#......#
###
#.#.....#
###....%..#
..........#
*
#......@).#
* ,
...#.#..#o##
.###.#..#o#
#.#..#.#* ,
#.. .., ,
... ## *
###. #. ** *
* ,


You could see an orc priest and an orc wizard.

Vanquished Creatures
  An orc wizard (D:4)
  Ijyb (D:2)
  A worker ant (D:4)
  3 gnolls (D:3)
  6 adders
  A worm (D:3)
  A giant gecko (D:1)
  An orc (D:3)
  7 giant cockroaches
  3 goblins
  3 hobgoblins
  3 jackals (D:3)
  8 kobolds
  3 quokkas
  7 bats
  5 giant newts
  4 rats
58 creatures vanquished.

Notes
Turn   | Place    | Note
--------------------------------------------------------------
     0 | D:1      | tyranidshit the Deep Dwarf Fighter began the quest for the Orb.
     0 | D:1      | Reached XP level 1. HP: 20/20 MP: 1/1
    79 | D:1      | Reached skill level 3 in Fighting
   119 | D:1      | Reached XP level 2. HP: 21/28 MP: 2/2
   648 | D:2      | Found a radiant altar of Vehumet.
   774 | D:2      | Noticed Ijyb
   800 | D:2      | Killed Ijyb
   800 | D:2      | Reached skill level 4 in Fighting
   800 | D:2      | Reached XP level 3. HP: 22/36 MP: 3/3
  1281 | D:3      | Reached XP level 4. HP: 17/45 MP: 4/4
  1388 | D:3      | Reached skill level 5 in Fighting
  1401 | D:3      | Found an opulent altar of Gozag.
  1404 | D:3      | Reached XP level 5. HP: 24/52 MP: 5/5
  1531 | D:3      | Found a glowing golden altar of the Shining One.
  1954 | D:4      | Found a glowing golden altar of the Shining One.
  1988 | D:4      | Killed from afar by an orc priest

Skill      XL: |  1  2  3  4 |
---------------+-------------+-----
Fighting       | 3 4 5 |  5.8
Axes           | |  2.1
Armour         | |  3.2
Shields        | |  3.2

Action                   |  1- 3 |  4- 6 || total
-------------------------+-------+-------++-------
Melee: War axe           |   111 |    80 ||   191
Evoke: Wand              |       |     1 ||     1
  Use: Scroll            |     5 |     2 ||     7
       Potion            |     3 |       ||     3
  Eat: Bread ration      |     1 |       ||     1
Armor: Scale mail        |    31 |       ||    31
       Ring mail         |    19 |    34 ||    53
Dodge: Dodged            |    35 |    48 ||    83
Block: Shield            |    55 |    56 ||   111
       Large shield      |       |    17 ||    17
